 Seeded DCSS version 0.28-a0-1235-g7c8fac35f0 (webtiles) character file.

Game seed: 20211224 (custom seed)

1773 a11behringer the Carver (level 8, 0/69 HPs)
             Began as a Pale Draconian Berserker on Dec 24, 2021.
             Was a Priest of Trog.
             Slain by a killer bee (6 damage)
             ... on level 7 of the Dungeon.
             The game lasted 00:13:37 (4470 turns).

a11behringer the Carver (Pale Draconian Berserker)  Turns: 4470, Time: 00:13:42

Health: 0/69       AC:  7    Str: 22    XL:     8   Next: 80%
Magic:  8/8        EV: 17    Int:  7    God:    Trog [***...]
Gold:   169        SH:  0    Dex: 11    Spells: 7/7 levels left

rFire   . . .      SeeInvis .   a - +1 falchion (drain)
rCold   . . .      Faith    .   (no shield)
rNeg    . . .      Spirit   .   (armour unavailable)
rPois   .          Reflect  .   b - +1 hat
rElec   .          Harm     .   (no cloak)
rCorr   .          Rampage  .   (no gloves)
Will    ++...                   (no boots)
Stlth   ++........              i - amulet of regeneration
HPRegen 2.01/turn               m - +4 ring of evasion
MPRegen 0.11/turn               (no ring)

@: lethally poisoned (0 -> -4), strong-willed, on berserk cooldown,
regenerating, slowed, very slow
A: breathe steam, AC +6, unfitting armour, cold-blooded, steam resistance
a: Breathe Steam, Renounce Religion, Berserk, Trog's Hand


You were on level 7 of the Dungeon.
You worshipped Trog.
Trog was most pleased with you.
You visited 1 branch of the dungeon, and saw 7 of its levels.

You collected 169 gold pieces.

Inventory:

Hand Weapons
 a - a +1 falchion of draining (weapon)
 l - a +4 mace of protection
 y - a +2 vampiric rapier
Armour
 b - a +1 hat (worn)
 z - a +0 cloak
Jewellery
 g - an amulet of guardian spirit
 i - an amulet of regeneration (around neck)
 m - a +4 ring of evasion (left hand)
 q - a +6 ring of strength
Wands
 h - a wand of digging (6)
 o - a wand of iceblast (11)
 p - a wand of flame (27)
Scrolls
 e - 2 scrolls of magic mapping
 k - a scroll of enchant armour
 u - a scroll of teleportation
 v - a scroll of identify
 w - a scroll of enchant weapon
 x - a scroll of torment {unknown}
 A - a scroll of vulnerability {unknown}
 B - a scroll of amnesia {unknown}
Potions
 c - 3 potions of heal wounds
 d - 3 potions of resistance
 f - 2 potions of mutation {unknown}
 j - a potion of invisibility {unknown}
 n - 3 potions of berserk rage {unknown}
 r - 2 potions of curing {unknown}
 s - 2 potions of lignification {unknown}
 t - a potion of might {unknown}


   Skills:
 + Level 5.5 Fighting
 * Level 9.9 Long Blades
 + Level 4.6 Dodging
 + Level 2.3 Stealth


You had 7 spell levels left.
You didn't know any spells.
Your spell library was empty.

Dungeon Overview and Level Annotations

Branches:
Dungeon (7/15)             Temple (0/1) D:4

Altars:
Uskayaw

Shops:
D:2 =


Innate Abilities, Weirdness & Mutations

You can breathe blasts of scalding, opaque steam.
Your pale cyan-grey scales are hard. (AC +6)
You cannot fit into any form of body armour.
You are cold-blooded and may be slowed by cold attacks.
You are immune to the effects of steam.


Message History

The killer bee misses you. The killer bee barely misses you.
You slash the killer bee! You tail-slap the killer bee.
You kill the killer bee!
Trog accepts your kill.
You feel sick. The killer bee stings you. The killer bee closely misses you.
You slash the killer bee!
The killer bee is almost dead.
You feel sick. The killer bee barely misses you. x2
You barely miss the killer bee.
The killer bee is almost dead.
You feel sick. The killer bee stings you.
You are more poisoned.
The killer bee poisons you! The killer bee stings you.
You are more poisoned.
The killer bee poisons you!
You miss the killer bee.
Your tail-slap misses the killer bee.
The killer bee is almost dead.
You feel very sick. The killer bee misses you.
The killer bee stings you but does no damage.
You miss the killer bee.
Your tail-slap misses the killer bee.
The killer bee is almost dead.
You feel very sick. The killer bee closely misses you.
You closely miss the killer bee.
The killer bee is almost dead.
You are no longer berserk.
You are exhausted.
You feel yourself slow down.
You feel very sick.
The killer bee stings you but does no damage. x2
The killer bee stings you.
* * * LOW HITPOINT WARNING * * *
You miss the killer bee.
Your tail-slap misses the killer bee.
The killer bee is severely wounded.
You feel very sick. The killer bee stings you.
* * * LOW HITPOINT WARNING * * *
The killer bee stings you.
You die...

#.##.#...# #
#....##.## #.
#.......## ...
#........# #...
#..)...###
.....###....#
#...........###.
#.....yy..........
#......†@.....#....
....#..............
##...#............
..................
.......#...........
.....$.#...........
.........#..##..
........##.# #.


You could see 2 killer bees.

Vanquished Creatures
  Sigmund (D:2)
  Eustachio (D:6)
  A water moccasin (D:5)
  An orc warrior (D:5)
  A black bear (D:6)
  A sky beast (D:7)
  An ogre (D:6)
  A necrophage (D:6)
  2 scorpions
  A gnoll sergeant (D:6)
  2 killer bees (D:7)
  A howler monkey (D:5)
  3 hounds
  A jelly (D:5)
  3 orc priests
  A gnoll shaman (D:6)
  2 bullfrog skeletons
  An iguana (D:4)
  A scorpion zombie (D:5)
  An orc wizard (D:5)
  A hound skeleton (D:2)
  7 gnolls (D:6)
  8 adders
  3 white imps
  An ufetubus (D:5)
  3 worms
  10 orcs
  3 bats
  4 endoplasms
  A giant cockroach (D:3)
  7 goblins
  8 hobgoblins
  2 kobolds
  3 quokkas
  7 ball pythons
  6 frilled lizards
  5 rats
106 creatures vanquished.

Vanquished Creatures (others)
  An orc wizard (D:5)
  An orc (D:5)
  4 fungi (D:7)
  2 plants (D:3)
  A toadstool (D:7)
9 creatures vanquished.

Grand Total: 115 creatures vanquished

Notes
Turn   | Place    | Note
-------+----------+-------------------------------------------
     0 | D:1      | a11behringer the Draconian Berserker began the quest for
                  | the Orb.
     0 | D:1      | Reached XP level 1. HP: 19/19 MP: 1/1
   573 | D:1      | Found a faded altar of an unknown god.
  1064 | D:2      | Found Eciokketh's One-of-a-Kind Rings.
  1080 | D:2      | Reached XP level 2. HP: 20/27 MP: 2/2
  1292 | D:2      | Noticed Sigmund
  1317 | D:2      | Killed Sigmund
  1318 | D:2      | Reached skill level 5 in Long Blades
  1318 | D:2      | Reached XP level 3. HP: 33/33 MP: 3/3
  1318 | D:2      | Reached XP level 4. HP: 40/40 MP: 4/4
  1318 | D:2      | Reached XP level 5. HP: 46/46 MP: 5/5
  1733 | D:2      | Reached ** piety under Trog
  2398 | D:3      | Reached XP level 6. HP: 53/53 MP: 6/6
  2629 | D:4      | Found a staircase to the Ecumenical Temple.
  2784 | D:4      | Reached skill level 6 in Long Blades
  2801 | D:4      | Found a hide-covered altar of Uskayaw.
  3144 | D:5      | Entered Level 5 of the Dungeon
  3187 | D:5      | Noticed a water moccasin
  3201 | D:5      | Killed a water moccasin
  3202 | D:5      | Reached skill level 1 in Stealth
  3234 | D:5      | Your scales start taking on a pale cyan-grey colour.
  3234 | D:5      | Reached XP level 7. HP: 35/60 MP: 7/7
  3234 | D:5      | Gained mutation: You are immune to the effects of steam.
                  | [Pale Draconian growth]
  3311 | D:5      | Reached skill level 7 in Long Blades
  3452 | D:5      | Reached *** piety under Trog
  3937 | D:6      | Reached skill level 5 in Fighting
  3937 | D:6      | Reached skill level 8 in Long Blades
  3963 | D:6      | Reached XP level 8. HP: 38/68 MP: 8/8
  4120 | D:6      | Noticed Eustachio
  4131 | D:6      | Killed Eustachio
  4132 | D:6      | Reached skill level 9 in Long Blades
  4470 | D:7      | Slain by a killer bee

Illustrated notes

Levels and vault maps discovered:
D:1:      lemuel_arrival_rhombus, layout_basic, chequers_ecumenical_altar_island
D:2:      layout_loops_ring, nicolae_shop_unique_rings, minmay_goblin_outpost,
          uniq_sigmund
D:3:      layout_basic, fountainhead, serial_bayou_pond_b,
          palyth_stone_intersect
D:4:      layout_loops_ring, eat_drink_and_be_merry_uskayaw,
          minmay_temple_entry_arrows
D:5:      layout_loops_ring
D:6:      layout_rooms, uniq_eustachio
D:7:      layout_rooms, mainiacjoe_overflow_brackets, minmay_gold_behind_fungi,
          kennysheep_generic_room_9

Skill      XL: |  1  2  3  4  5  6  7  8 |
---------------+-------------------------+-----
Fighting       | 4 5 |  5.5
Long Blades    | 5 6 8 9 |  9.9
Dodging        | 3 4 |  4.6
Stealth        | 1 2 |  2.3

Action                   |  1- 3 |  4- 6 |  7- 9 || total
-------------------------+-------+-------+-------++-------
Melee: Falchion          |    46 |   142 |   149 ||   337
       Tailslap          |     5 |    12 |    33 ||    50
Invok: Berserk           |     1 |     2 |     2 ||     5
       Trog's Hand       |       |     1 |     2 ||     3
 Abil: Breathe Steam     |       |       |     4 ||     4
  Use: Scroll            |     3 |     5 |     1 ||     9
 Stab: Sleeping          |       |     2 |     2 ||     4
Armor: Skin              |    16 |    39 |    45 ||   100
Dodge: Dodged            |    20 |    77 |   129 ||   226

Table legend: (Time is in decaauts)
 A = Elapsed time spent in this place.
 B = Non-inter-level travel time spent in this place.
 C = Inter-level travel time spent in this place.
 D = Time resting spent in this place.
 E = Time spent auto-exploring this place.
 F = Levels seen in this place.
 G = Mean time per level.
                   A        B        C        D        E       F      G
               +--------+--------+--------+--------+--------+-----+--------+
         Total |   4502 |   4254 |    248 |      0 |   3493 |   7 |  643.1 |
       Dungeon |   4502 |   4254 |    248 |      0 |   3493 |   7 |  643.1 |
               +--------+--------+--------+--------+--------+-----+--------+

Top non-repeatable levels by time:
     D:1: 1047 daAuts
     D:2: 818 daAuts
     D:3: 778 daAuts
     D:5: 725 daAuts
     D:4: 576 daAuts
     D:6: 514 daAuts
     D:7: 41 daAuts
